 Dungeon Crawl Stone Soup version 0.31-a0-1598-g94871bc2e8 (webtiles) character file.

Game seed: 14200594713667682666

15 kae the Vexing (level 2, 0/20 HPs)
             Began as a Demonspawn Enchanter on Jan 7, 2024.
             Slain by Natasha (8 damage)
             ... on level 2 of the Dungeon.
             The game lasted 00:01:00 (429 turns).

kae the Vexing (Demonspawn Enchanter)                Turns: 429, Time: 00:01:00

Health: 0/20       AC:  2    Str:  8    XL:     2   Next: 34%
Magic:  1/5        EV: 12    Int: 15    God:
Gold:   35         SH:  0    Dex: 13    Spells: 3/5 levels left

rFire   . . .        a - +1 dagger
rCold   . . .        (no shield)
rNeg    . . .        b - +0 robe
rPois   .            (helmet restricted)
rElec   .            (no cloak)
rCorr   .            (no gloves)
SInv    .            (no boots)
Will    .....        (no amulet)
Stlth   ++           (no ring)
HPRegen 0.23/turn    (no ring)
MPRegen 0.09/turn

%: no passive effects
@: slowed, very slow
A: antennae 1
a: no special abilities


You were on level 2 of the Dungeon.
You visited 1 branch of the dungeon, and saw 2 of its levels.

You collected 35 gold pieces.


Innate Abilities, Weirdness & Mutations

You have a pair of small antennae on your head.


   Skills:
 + Level 0.4 Fighting
 * Level 1.2 Short Blades
 - Level 1.7 Dodging
 * Level 3.0 Stealth
 + Level 2.1 Spellcasting
 + Level 3.1 Hexes
 + Level 0.0 Ice Magic


You had 3 spell levels left.
You knew the following spells:

 Your Spells              Type           Power      Damage    Failure   Level
a - Ensorcelled Hibernat  Hex/Ice        12%        N/A       17%         2

Your spell library contained the following spells:

 Spells                   Type           Power      Damage    Failure   Level
 Confusing Touch          Hex            10%        N/A       19%         3
 Tukima's Dance           Hex            10%        N/A       19%         3
 Shock                    Conj/Air       4%         1d3       22%         1
 Dazzling Flash           Conj/Hex       12%        N/A       34%         3
 Swiftness                Air            1%         N/A       54%         3
 Airstrike                Air            0%         2d(1-17)  91%         4

Inventory:

Hand Weapons
 a - a +1 dagger (weapon)
Missiles
 d - 28 stones
 i - 2 poisoned darts
Armour
 b - a +0 robe (worn)
Scrolls
 f - a scroll of identify {unknown}
 g - a scroll of vulnerability {unknown}
 h - a scroll of teleportation {unknown}
Potions
 c - 2 potions of invisibility
 e - a potion of haste {@q3}

Dungeon Overview and Level Annotations

Branches:
Dungeon (2/15) Zot: 11588

Altars:

Annotations:
D:2 Natasha

#.# #. #.# #.
####.####### #.
#....<.....# #.
#.##.#####.# #. #.##.#
#.# #. ###
#.##.#####.####.
...[.####.##............
......h@.#.###########.#
###.#####.## #.# ## #.#
## ###.# ... ..#.# ..#
#.#.# #.# #.#.# #.#
#.#.# #.# #.#.#


You could see Natasha.


Message History

You hit the jackal.
You kill the jackal!
The jackal bites you but does no damage. 😱 HP[+1]
You hit the jackal but do no damage. The jackal barely misses you.
The jackal bites you but does no damage.
It was a potion of haste.
You feel yourself speed up.
The jackal bites you but does no damage.
You barely miss the jackal. The jackal barely misses you.
You hit the jackal.
You kill the jackal! 😱 HP[+1] 😨 HP[+1]
There is an escape hatch in the floor here.
You slide downwards.
The hatch slams shut behind you. 😨 HP[+1]
You start resting.
Your extra speed is starting to run out. 😮 HP[+5]
You regained 5 hp, and now have 12/20 hp.
You start resting.
You feel yourself slow down. 😮 HP[+1]
You now have 35 gold pieces (gained 8).
A goblin comes into view. It is wielding a +0 dagger. 😎 HP[+7]
Your hp is fully restored (20).
A goblin is nearby!
Unknown command.
A goblin is nearby!
The goblin shouts!
You hit the goblin.
The goblin hits you with a +0 dagger. 😕 HP[-2]
You take 2 damage, and now have 18/20 hp.
You hit the goblin.
You kill the goblin!
Your Stealth skill increases to level 3!
No target in view!
No target in view!
No target in view!
No target in view!
No target in view!
A hobgoblin comes into view. 😎 HP[+2]
Your hp is fully restored (20).
A hobgoblin is nearby!
A hobgoblin is nearby!
The hobgoblin shouts!
You hit the hobgoblin but do no damage. The hobgoblin barely misses you.
You barely miss the hobgoblin. The hobgoblin closely misses you.
You hit the hobgoblin.
You kill the hobgoblin!
No target in view!
You see here a hobgoblin corpse.
Found an escape hatch in the ceiling.
No target in view!
No target in view!
There is an escape hatch in the ceiling here.
Natasha, Servant of Life and Death comes into view.
Natasha hisses angrily.
You closely miss Natasha. Natasha barely misses you.
You barely miss Natasha.
Natasha stares at you and mumbles some strange words.
The magic dart hits you. 😮 HP[-5]
You take 5 damage, and now have 15/20 hp.
MASSIVE DAMAGE!! (PAUSE)
Casting: Ensorcelled Hibernation (safe; 17% risk of failure)
Confirm with . or Enter, or press ? or * to list all spells.
Aiming: Ensorcelled Hibernation (safe; 17% risk of failure)
Press: ? - help, Shift-Dir - straight line, f - Natasha
Aim: Natasha (chance to affect: 39%) Natasha resists with some effort.
Natasha closely misses you. 😕 HP[+1] MP[-2]
You lost 2 mp, and now have 3/5 mp.
Unknown command.
Casting: Ensorcelled Hibernation (safe; 17% risk of failure)
Confirm with . or Enter, or press ? or * to list all spells.
Aiming: Ensorcelled Hibernation (safe; 17% risk of failure)
Press: ? - help, Shift-Dir - straight line, f/p - Natasha
Aim: Natasha (chance to affect: 39%) Natasha resists with some effort.
Natasha claws you. 😮 HP[-4] MP[-2]
You take 4 damage, and now have 12/20 hp.
You lost 2 mp, and now have 1/5 mp.
Unknown command.
Casting: Ensorcelled Hibernation (safe; 17% risk of failure)
Confirm with . or Enter, or press ? or * to list all spells.
You don't have enough magic to cast this spell.
You hit Natasha. You punch Natasha, but do no damage.
Natasha stares at you and mumbles some strange words.
You feel yourself slow down.
You closely miss Natasha.
Natasha mewls in sadness.
Natasha stares at you and mumbles some strange words.
The magic dart hits you.
* * * LOW HITPOINT WARNING * * *
Natasha claws you!
You die...
Natasha begins licking her fur clean.

Skill      XL: |  1  2 |
---------------+-------+-----
Short Blades   | 1 |  1.2
Stealth        | 3 |  3.0
Fighting       | |  0.4
Dodging        | |  1.7
Spellcasting   | |  2.1
Hexes          | |  3.1

Action                     || total
---------------------------++-------
  Melee: Dagger            ||    50
         Punch             ||     1
   Cast: Ensorcelled Hiber ||     2
    Use: Potion            ||     1
   Stab: Sleeping          ||     1
 Armour: Robe              ||    27
  Dodge: Dodged            ||    35

Levels and vault maps discovered:
D:1:      psy_arrival_radial02, layout_rooms
D:2:      minmay_evil_eye, layout_loops_ring, basic_altar, uniq_natasha,
          uniq_jessica

Notes
Turn   | Place    | Note
-------+----------+-------------------------------------------
     0 | D:1      | kae the Demonspawn Enchanter began the quest for the Orb.
     0 | D:1      | Reached XP level 1. HP: 13/13 MP: 3/3
     0 | D:1      | magus.rc [v1.11.3]
    90 | D:1      | Reached skill level 1 in Short Blades
   155 | D:1      | You pick up a book of Air and begin reading...
   155 | D:1      | You add the spells Shock, Swiftness and Airstrike to your
                  | library.
   228 | D:1      | Gained mutation: You have a pair of small antennae on your
                  | head. [demonic ancestry]
   228 | D:1      | Reached XP level 2. HP: 20/20 MP: 5/5
   231 | D:1      | Learned a level 2 spell: Ensorcelled Hibernation
   265 | D:1      | HP: 5/20 [jackal (2)]
   373 | D:2      | Reached skill level 3 in Stealth
   421 | D:2      | Noticed Natasha
   429 | D:2      | Slain by Natasha

Vanquished Creatures
  2 endoplasms (D:1)
  2 goblins
  A hobgoblin (D:2)
  2 jackals (D:1)
  A frilled lizard (D:1)
  4 kobolds (D:1)
  A rat (D:1)
13 creatures vanquished.

Table legend:
 A = Non-vault XP
 B = Vault XP
 C = Vault XP percentage of total XP
 D = Non-vault monster count
 E = Vault monster count
 F = Vault count percentage of total count
                 A         B        C        D         E       F
            +---------+---------+-------+---------+---------+-------
      Total |      22 |       0 |   0.0 |      13 |       0 |   0.0
            +---------+---------+-------+---------+---------+-------
        D:1 |      18 |       0 |   0.0 |      11 |       0 |   0.0
        D:2 |       4 |       0 |   0.0 |       2 |       0 |   0.0
            +---------+---------+-------+---------+---------+-------

Skill      XL: |  1  2 |
---------------+-------+-----
Short Blades   | 1 |  1.2
Stealth        | 3 |  3.0
Fighting       | |  0.4
Dodging        | |  1.7
Spellcasting   | |  2.1
Hexes          | |  3.1

Action                     || total
---------------------------++-------
  Melee: Dagger            ||    50
         Punch             ||     1
   Cast: Ensorcelled Hiber ||     2
    Use: Potion            ||     1
   Stab: Sleeping          ||     1
 Armour: Robe              ||    27
  Dodge: Dodged            ||    35

Illustrated notes

Table legend:
 A = Kills in this place as a percentage of kills in the entire game.
 B = Kills by you in this place as a percentage of kills by you in the entire game.
 C = Kills by friends in this place as a percentage of kills by friends in the entire game.
 D = Other kills in this place as a percentage of other kills in the entire game.
 E = Experience gained in this place as a percentage of experience gained in the entire game.
 F = Experience gained in this place divided by the number of levels of this place that you have seen.
                   A       B       C       D       E      F
               +-------+-------+-------+-------+-------+----------------------
         Total | 100.0 | 100.0 |   N/A |   N/A | 100.0 |  11.0
       Dungeon | 100.0 | 100.0 |   N/A |   N/A | 100.0 |  11.0
               +-------+-------+-------+-------+-------+----------------------

Table legend: (Time is in decaauts)
 A = Elapsed time spent in this place.
 B = Non-inter-level travel time spent in this place.
 C = Inter-level travel time spent in this place.
 D = Time resting spent in this place.
 E = Time spent auto-exploring this place.
 F = Levels seen in this place.
 G = Mean time per level.
                   A        B        C        D        E       F      G
               +--------+--------+--------+--------+--------+-----+--------+
         Total |    410 |    410 |      0 |     26 |    259 |   2 |  205.0 |
       Dungeon |    410 |    410 |      0 |     26 |    259 |   2 |  205.0 |
               +--------+--------+--------+--------+--------+-----+--------+

Top non-repeatable levels by time:
     D:1: 280 daAuts
     D:2: 129 daAuts
